 Dungeon Crawl Stone Soup version 0.28.0-45-g0d030f2227 (webtiles) character file.

Game seed: 6380197224612830518

35 zeratav the Insei (level 3, 0/23 HPs)
             Began as an Octopode Transmuter on Apr 10, 2022.
             Slain by a gnoll
             ... wielding a +0 halberd
              (8 damage)
             ... on level 2 of the Dungeon.
             The game lasted 00:01:47 (2013 turns).

zeratav the Insei (Octopode Transmuter)             Turns: 2013, Time: 00:01:48

Health: 0/23       AC:  2    Str:  9    XL:     3   Next: 35%
Magic:  3/6        EV: 20    Int: 15    God:
Gold:   40         SH:  0    Dex: 19    Spells: 2/6 levels left

rFire   . . .      SeeInvis .     - Unarmed
rCold   . . .      Faith    .   (shield currently unavailable)
rNeg    . . .      Spirit   .   (helmet currently unavailable)
rPois   x          Reflect  .   (no amulet)
rElec   .          Harm     .   (no ring)
rCorr   .          Rampage  .   (no ring)
Will    .....                   (no ring)
Stlth   ++........              (no ring)
HPRegen 0.07/turn               (no ring)
MPRegen 0.10/turn               (no ring)
                                (no ring)
                                (no ring)

@: spider-form (expiring)
A: venomous fangs, almost no armour, (amphibious), 8 rings, tiny, (camouflage
1), (gelatinous body 1), (nimble swimmer 1), (tentacles)
a: End Transformation


You were on level 2 of the Dungeon.
You were a venomous arachnid creature.
You visited 1 branch of the dungeon, and saw 2 of its levels.

You collected 40 gold pieces.


Innate Abilities, Weirdness & Mutations

You are a venomous arachnid creature.
You have poisonous fangs.
You are tiny and dextrous.
Your spellcasting is less reliable in this form.
Your armour is entirely melded.
You are incapable of wielding weapons or throwing items.
You cannot wear most types of armour.
((You are amphibious.))
You can wear up to eight rings at the same time.
((Your skin changes colour to match your surroundings (Stealth+).))
((Your rubbery body absorbs attacks. (AC +1, EV +1)))
((You are camouflaged when in or above water. (Stealth+)))
((You have tentacles for arms and can constrict up to eight enemies at once.))


   Skills:
 + Level 1.5 Fighting
 + Level 2.4 Dodging
 + Level 1.6 Stealth
 * Level 3.5 Unarmed Combat
 - Level 2.0 Spellcasting
 - Level 2.0 Transmutations


You had 2 spell levels left.
You knew the following spells:

 Your Spells              Type           Power      Damage    Failure   Level
a - Beastly Appendage     Tmut           14%        N/A       24%         1
b - Spider Form           Tmut/Pois      4%         N/A       63%         3

Your spell library contained the following spells:

 Spells                   Type           Power      Damage    Failure   Level
 Wereblood                Tmut           7%         N/A       32%         2
 Ice Form                 Ice/Tmut       4%         N/A       93%         4
 Passage of Golubria      Tloc           1%         N/A       98%         4
 Silence                  Hex/Air        0%         N/A       100%        5
 Lehudib's Crystal Spear  Conj/Erth      0%         10d2      100%        8

Inventory:

Hand Weapons
 e - a +1 dagger of draining (melded) {short}
   (You took it off a goblin on level 2 of the Dungeon)
Scrolls
 a - a scroll of teleportation {unknown}
 b - a scroll of magic mapping {unknown}
 g - a scroll of brand weapon {unknown}
Potions
 c - 3 potions of heal wounds {unknown}
 d - a potion of attraction {unknown}
 f - a potion of haste {unknown}

Dungeon Overview and Level Annotations

Branches:
Dungeon (2/15)

Altars:

Shops:
D:2

? #.# ###....#
########.#.#..... #.#
##.#.# #........#.#.....
#.# #.#.#
#.########.##....
###.######.#.####.#
.......
#..............##.#
..####..
#.###.####.....##.#######.
###
...##.####...(...........
#............>.##<#####..
..###..........gsg#####...
### ########....g<........
############...


You could see 3 gnolls.


Message History

No target in view!
No target in view!
No target in view!
No target in view!
No target in view!
No target in view!
Your tentacle spike disappears. 3 gnolls come into view.
MP[+1]
Your mp is fully restored (6).
One of your tentacles grows a vicious spike.
MP[-1]
You lost 1 mp, and now have 5/6 mp.
This spell is potentially lethal to cast!
Memorise Spider Form, consuming 3 spell levels and leaving 2?
The gnoll shouts! x2; You hear a shout!
You start memorising the spell.
You continue memorising.
Your transformation is almost over.
You continue memorising. x2
You finish memorising.
Spell assigned to 'b'.
Casting: Beastly Appendage (safe; 10% risk of failure)
Confirm with . or Enter, or press ? or * to list all spells.
You extend your transformation's duration.
A gnoll comes into view. It is wielding a +0 spear.
MP[-1]
You lost 1 mp, and now have 4/6 mp.
Casting: Beastly Appendage (safe; 10% risk of failure)
Confirm with . or Enter, or press ? or * to list all spells.
The spell is potentially lethal to miscast (41% risk of failure)!
Continue anyway?
You miscast Spider Form.
You are very lightly contaminated with residual magic.
Nothing appears to happen.
The gnoll hits you from afar with a +0 halberd!
HP[-9] MP[-3]
You take 9 damage, and now have 14/23 hp.
MASSIVE DAMAGE!! (PAUSE)
You lost 3 mp, and now have 1/6 mp.
MP[+1] HP[+1]
Your transformation is almost over.
Your magical contamination has completely faded away.
The gnoll barely misses you.
Your tentacle spike disappears.
The gnoll closely misses you.
MP[+1] HP[+1] MP[+1] HP[+1] MP[+1]
There is a stone staircase leading up here.
You climb upwards.
There is a stone staircase leading down here.
You start resting.
MP[+1]
Your mp is fully restored (6).
Casting: Spider Form (potentially lethal; 41% risk of failure)
Confirm with . or Enter, or press ? or * to list all spells.
The spell is potentially lethal to miscast (41% risk of failure)!
Continue anyway?
You miscast Spider Form.
You are very lightly contaminated with residual magic.
Nothing appears to happen.
MP[-3]
You lost 3 mp, and now have 3/6 mp.
You start resting.
Your magical contamination has completely faded away.
HP[+2] MP[+3]
You regained 2 hp, and now have 19/23 hp.
Your mp is fully restored (6).
You start resting.
HP[+4]
Your hp is fully restored (23).
You start waiting.
Done waiting.
Casting: Spider Form (potentially lethal; 41% risk of failure)
Confirm with . or Enter, or press ? or * to list all spells.
The spell is potentially lethal to miscast (41% risk of failure)!
Continue anyway?
You turn into a venomous arachnid creature.
Your +1 dagger of draining {short} melds into your body.
MP[-3]
You lost 3 mp, and now have 3/6 mp.
Your transformation is almost over.
You climb downwards.
The gnoll barely misses you. x3
There is a stone staircase leading up here.
You hit the gnoll.
The gnoll is poisoned.
The gnoll completely misses you. The gnoll closely misses you.
You bite the gnoll!
The gnoll is poisoned.
The gnoll hits you with a +0 club. The gnoll completely misses you.
The gnoll hits you with a +0 flail.
HP[-7]
You take 7 damage, and now have 16/23 hp.
MASSIVE DAMAGE!! (PAUSE)
The gnoll barely misses you. The gnoll completely misses you.
You hit the gnoll. The gnoll barely misses you.
The gnoll hits you with a +0 halberd!
* * * LOW HITPOINT WARNING * * *
The gnoll misses you.
HP[-8]
You take 8 damage, and now have 8/23 hp.
MASSIVE DAMAGE!! (PAUSE)
You hit the gnoll but do no damage.
The gnoll is poisoned.
The gnoll barely misses you. The gnoll hits you with a +0 halberd!
You die...

Skill      XL: |  1  2 |
---------------+-------+-----
Stealth        | 1 |  1.6
Fighting       | |  1.5
Dodging        | |  2.4
Unarmed Combat | |  3.5
Spellcasting   | |  2.0
Transmutations | |  2.0

Action                   || total
-------------------------++-------
Melee: Unarmed           ||    50
       Constrict         ||    18
       Tentacles         ||     9
       Kick              ||    16
       Dagger            ||    13
 Cast: Beastly Appendage ||    24
       Spider Form       ||     1
 Stab: Sleeping          ||     9
Armor: Skin              ||     1
Dodge: Dodged            ||    40

Levels and vault maps discovered:
D:1:      onia_arrival_zoo_common, layout_loops_corners
D:2:      layout_loops_ring, dilly_ecumenical_altar_fadedgnrine, serial_shops,
          nicolae_shop_hallway_stairs

Notes
Turn   | Place    | Note
-------+----------+-------------------------------------------
     0 | D:1      | zeratav the Octopode Transmuter began the quest for the
                  | Orb.
     0 | D:1      | Reached XP level 1. HP: 13/13 MP: 3/3
     0 | D:1      | magus.rc [v1.9.6]
    13 | D:1      | Noticed a seven-headed hydra
    13 | D:1      | Noticed a salamander
    13 | D:1      | Noticed a snapping turtle
   239 | D:1      | Reached XP level 2. HP: 15/18 MP: 3/5
   335 | D:1      | Reached skill level 1 in Stealth
   785 | D:1      | You pick up a book of the Moon and begin reading...
   785 | D:1      | You add the spells Passage of Golubria, Silence and
                  | Lehudib's Crystal Spear to your library.
  1214 | D:2      | Reached XP level 3. HP: 19/23 MP: 4/6
  1626 | D:2      | Found Wibaip's Magic Scroll Shoppe.
  1786 | D:2      | Learned a level 3 spell: Spider Form
  2013 | D:2      | Slain by a gnoll

Vanquished Creatures
  4 bats
  An endoplasm (D:2)
  3 giant cockroaches
  3 goblins
  3 hobgoblins (D:1)
  2 jackals (D:2)
  A kobold (D:2)
  5 quokkas
  2 ball pythons
  3 frilled lizards (D:1)
  4 rats
31 creatures vanquished.

Table legend:
 A = Non-vault XP
 B = Vault XP
 C = Vault XP percentage of total XP
 D = Non-vault monster count
 E = Vault monster count
 F = Vault count percentage of total count
                 A         B        C        D         E       F
            +---------+---------+-------+---------+---------+-------
      Total |      51 |       0 |   0.0 |      31 |       0 |   0.0
            +---------+---------+-------+---------+---------+-------
        D:1 |      29 |       0 |   0.0 |      18 |       0 |   0.0
        D:2 |      22 |       0 |   0.0 |      13 |       0 |   0.0
            +---------+---------+-------+---------+---------+-------

Illustrated notes

Table legend:
 A = Kills in this place as a percentage of kills in entire the game.
 B = Kills by you in this place as a percentage of kills by you in the entire game.
 C = Kills by friends in this place as a percentage of kills by friends in the entire game.
 D = Other kills in this place as a percentage of other kills in the entire game.
 E = Experience gained in this place as a percentage of experience gained in the entire game.
 F = Experience gained in this place divided by the number of levels of this place that you have seen.
                   A       B       C       D       E      F
               +-------+-------+-------+-------+-------+----------------------
         Total | 100.0 | 100.0 |   N/A |   N/A | 100.0 |  25.5
       Dungeon | 100.0 | 100.0 |   N/A |   N/A | 100.0 |  25.5
               +-------+-------+-------+-------+-------+----------------------

Table legend: (Time is in decaauts)
 A = Elapsed time spent in this place.
 B = Non-inter-level travel time spent in this place.
 C = Inter-level travel time spent in this place.
 D = Time resting spent in this place.
 E = Time spent auto-exploring this place.
 F = Levels seen in this place.
 G = Mean time per level.
                   A        B        C        D        E       F      G
               +--------+--------+--------+--------+--------+-----+--------+
         Total |   2010 |   1987 |     23 |    178 |   1559 |   2 | 1005.0 |
       Dungeon |   2010 |   1987 |     23 |    178 |   1559 |   2 | 1005.0 |
               +--------+--------+--------+--------+--------+-----+--------+

Top non-repeatable levels by time:
     D:1: 1382 daAuts
     D:2: 628 daAuts
